 Dungeon Crawl Stone Soup version 0.29.1-13-g9f3cf754e1 (webtiles) character file.

Game seed: 3246065767071398313

141 Hrothgar the Sneak (level 5, -10/45 HPs)
             Began as a Hill Orc Brigand on Feb 10, 2023.
             Was a Follower of Qazlal.
             Shot with an arrow by a centaur (12 damage)
             ... on level 4 of the Dungeon.
             The game lasted 00:07:50 (1961 turns).

Hrothgar the Sneak (Hill Orc Brigand)               Turns: 1961, Time: 00:07:51

Health: -10/45     AC:  3    Str: 14    XL:     5   Next: 24%
Magic:  1/5        EV: 11    Int: 13    God:    Qazlal [*.....]
Gold:   149        SH:  2    Dex: 12    Spells: 1/4 levels left

rFire   . . .      SeeInvis .   p - +8 whip "Zyt Diboz" {flame, rN+}
rCold   . . .      Faith    .   (no shield)
rNeg    + . .      Spirit   .   b - +0 robe
rPois   .          Reflect  .   (no helmet)
rElec   .          Harm     .   c - +0 cloak
rCorr   .          Rampage  .   (no gloves)
Will    .....                   (no boots)
Stlth   ++........              (no amulet)
HPRegen 0.15/turn               (no ring)
MPRegen 0.09/turn               (no ring)

@: no status effects
A: no striking features
a: Renounce Religion


You were on level 4 of the Dungeon.
You worshipped Qazlal.
Qazlal was aware of your devotion.
You visited 1 branch of the dungeon, and saw 4 of its levels.

You collected 149 gold pieces.

Inventory:

Hand Weapons
 i - a +2 dagger of venom
 p - the +8 whip "Zyt Diboz" (weapon) {flame, rN+}
   (You found it on level 3 of the Dungeon)

   It burns those it strikes, dealing additional fire damage.
   rN:        It protects you from negative energy.
Missiles
 d - 7 poisoned darts (quivered)
 e - 3 curare-tipped darts
 g - a throwing net
Armour
 b - a +0 robe (worn)
 c - a +0 cloak (worn)
Scrolls
 a - a scroll of magic mapping {unknown}
 j - a scroll of summoning {unknown}
 k - a scroll of silence {unknown}
 l - a scroll of butterflies {unknown}
Potions
 f - 2 potions of might {unknown}
 m - a potion of ambrosia {unknown}
 n - a potion of berserk rage {unknown}
 o - a potion of flight {unknown}


   Skills:
 * Level 3.0 Fighting
 * Level 2.7 Short Blades
 * Level 0.2 Maces & Flails
 * Level 2.5 Throwing
 * Level 1.4 Armour
 * Level 1.2 Dodging
 * Level 3.8 Stealth
 * Level 0.4 Spellcasting
 * Level 0.7 Hexes
 * Level 0.3 Ice Magic
 * Level 0.5 Invocations


You had one spell level left.
You knew the following spells:

 Your Spells              Type           Power      Damage    Failure   Level
a - Slow                  Hex            8%         N/A       22%         1
b - Ensorcelled Hibernat  Hex/Ice        2%         N/A       36%         2

Your spell library contained the following spells:

 Spells                   Type           Power      Damage    Failure   Level
 Passwall                 Tmut/Erth      0%         N/A       41%         2
 Sublimation of Blood     Necr           0%         N/A       41%         2
 Wereblood                Tmut           0%         N/A       41%         2
 Confusing Touch          Hex            2%         N/A       56%         3
 Swiftness                Air            0%         N/A       65%         3
 Vampiric Draining        Necr           0%         2d6       65%         3
 Summon Hydra             Summ           0%         N/A       100%        7


Dungeon Overview and Level Annotations

Branches:
Dungeon (4/15)
 Temple: D:4-7

Altars:
Qazlal


Message History

The endoplasm attacks as you move away! The endoplasm barely misses you.
The centaur unwields a +0 shortbow.
The centaur misses you. The centaur kicks you. The centaur hits you.
The centaur kicks you but does no damage.
Casting: Ensorcelled Hibernation (dangerous; 36% risk of failure)
Confirm with . or Enter, or press ? or * to list all spells.
Aiming: Ensorcelled Hibernation (dangerous; 36% risk of failure)
Press: ? - help, Shift-Dir - straight line, f - centaur
Aim: a centaur (chance to affect: 33%)
The centaur looks drowsy...
The endoplasm barely misses you.
The helpless centaur fails to defend itself.
You hit the centaur. You burn the centaur.
The centaur is moderately wounded.
The centaur barely misses you. x3; The centaur closely misses you.
The endoplasm hits you but does no damage.
You whack the centaur! You burn the centaur.
The centaur is severely wounded.
The centaur hits you.
The centaur kicks you but does no damage.
The endoplasm freezes you.
You are frozen.
* * * LOW HITPOINT WARNING * * *
Casting: Ensorcelled Hibernation (dangerous; 36% risk of failure)
Confirm with . or Enter, or press ? or * to list all spells.
Aiming: Ensorcelled Hibernation (dangerous; 36% risk of failure)
Press: ? - help, Shift-Dir - straight line, f/p - centaur
Aim: a centaur (severely wounded, not susceptible)
The centaur is unaffected.
The centaur closely misses you. x2
The centaur hits you.
* * * LOW HITPOINT WARNING * * *
The centaur kicks you but does no damage.
The endoplasm freezes you.
You are frozen.
* * * LOW HITPOINT WARNING * * *
Blink to where?
Press: ? - help, Dir - move target, p - centaur
As you read the scroll of blinking, it crumbles to dust.
The centaur wields a +0 shortbow.
The centaur shoots an arrow.
The arrow hits you!
You die...

########
#......#
#.).c§.#
#....J.#
#......###
#........#
#......#.#
#.....@#.#
#.#####....#
## ....#
....# ....#
.....#
.......
....##.


You could see a centaur and an endoplasm.

Vanquished Creatures
  A phantom (D:3)
  3 adders (D:2)
  2 worms (D:2)
  An endoplasm (D:2)
  A giant cockroach (D:2)
  4 goblins
  6 hobgoblins
  A kobold (D:1)
  2 quokkas
  3 ball pythons
  3 bats
  2 frilled lizards
  5 rats
34 creatures vanquished.

Notes
Turn   | Place    | Note
-------+----------+-------------------------------------------
     0 | D:1      | Hrothgar the Hill Orc Brigand began the quest for the Orb.
     0 | D:1      | Reached XP level 1. HP: 18/18 MP: 1/1
   269 | D:1      | Reached XP level 2. HP: 20/25 MP: 2/2
   338 | D:2      | Reached skill level 1 in Dodging
   414 | D:2      | Learned a level 1 spell: Slow
   448 | D:2      | Reached XP level 3. HP: 21/30 MP: 3/3
   523 | D:2      | Found a faded altar of an unknown god.
   563 | D:2      | Prayed at the altar of an unknown god.
   563 | D:2      | Became a worshipper of Qazlal Stormbringer
   563 | D:2      | Reached * piety under Qazlal
  1273 | D:2      | Reached XP level 4. HP: 34/37 MP: 4/4
  1374 | D:2      | Learned a level 2 spell: Ensorcelled Hibernation
  1925 | D:3      | Noticed a phantom
  1927 | D:3      | Identified the +8 whip "Zyt Diboz" {flame, rN+}
  1936 | D:3      | Killed a phantom
  1937 | D:3      | Reached skill level 1 in Armour
  1937 | D:3      | Reached XP level 5. HP: 41/45 MP: 5/5
  1951 | D:4      | Noticed a centaur
  1960 | D:4      | HP: 2/45 [frozen (5)]
  1961 | D:4      | Shot with an arrow by a centaur

Illustrated notes

Levels and vault maps discovered:
D:1:      psy_arrival_spokes, layout_basic
D:2:      layout_basic, ebering_ecumenical_altar_box
D:3:      layout_rooms, minmay_unequal
D:4:      minmay_bubble_buster, layout_rooms, biasface_ghost_orc_armoury

Skill      XL: |  1  2  3  4 |
---------------+-------------+-----
Dodging        | 1 |  1.2
Throwing       | 2 |  2.5
Fighting       | 3 |  3.0
Armour         | 1 |  1.4
Short Blades   | |  2.7
Maces & Flails | |  0.2
Stealth        | |  3.8
Spellcasting   | |  0.4
Hexes          | |  0.7
Ice Magic      | |  0.3
Invocations    | |  0.5

Action                   |  1- 3 |  4- 6 || total
-------------------------+-------+-------++-------
Melee: Dagger            |    71 |    14 ||    85
       Punch             |     3 |     1 ||     4
       Whip              |       |     8 ||     8
Throw: Dart              |    28 |       ||    28
 Cast: Slow              |     3 |       ||     3
       Ensorcelled Hiber |       |     3 ||     3
  Use: Scroll            |     1 |     1 ||     2
 Stab: Sleeping          |       |     2 ||     2
Armor: Robe              |    26 |    10 ||    36
Dodge: Dodged            |    37 |    23 ||    60
Block: Other             |     2 |     1 ||     3
